 Dungeon Crawl Stone Soup version 0.29.1-1-gd02db6906a (webtiles) character file.

Game seed: 16616868429249219624

2 LustLizard the Trooper (level 1, -1/18 HPs)
             Began as a Demonspawn Fighter on Oct 8, 2022.
             Slain by a ball python (3 damage)
             ... on level 1 of the Dungeon.
             The game lasted 00:00:16 (177 turns).

LustLizard the Trooper (Demonspawn Fighter)          Turns: 177, Time: 00:00:17

Health: -1/18      AC:  6    Str: 16    XL:     1   Next: 33%
Magic:  1/1        EV:  5    Int:  9    God:
Gold:   17         SH:  4    Dex: 12    Spells: 0/0 levels left

rFire   . . .      SeeInvis .   a - +0 long sword
rCold   . . .      Faith    .   c - +0 buckler
rNeg    . . .      Spirit   .   b - +0 scale mail
rPois   .          Reflect  .   (no helmet)
rElec   .          Harm     .   (no cloak)
rCorr   .          Rampage  .   (no gloves)
Will    .....                   (no boots)
Stlth   ..........              (no amulet)
HPRegen 0.06/turn               (no ring)
MPRegen 0.07/turn               (no ring)

@: constricted
A: no striking features
a: no special abilities


You were on level 1 of the Dungeon.
You visited 1 branch of the dungeon, and saw 1 of its levels.

You collected 17 gold pieces.

Inventory:

Hand Weapons
 a - a +0 long sword (weapon)
Armour
 b - a +0 scale mail (worn)
 c - a +0 buckler (worn)
Scrolls
 f - a scroll of identify {unknown}
Potions
 d - a potion of might
 e - a potion of invisibility {unknown}
 g - a potion of ambrosia {unknown}


   Skills:
 + Level 3.0 Fighting
 * Level 2.0 Long Blades
 - Level 2.6 Armour
 - Level 2.6 Shields


You couldn't memorise any spells.
You didn't know any spells.
Your spell library was empty.

Dungeon Overview and Level Annotations

Branches:
Dungeon (1/15)

Altars:


Message History

The ball python barely misses you. You block the ball python's attack.
The kobold hits you with a +0 dagger.
You barely miss the kobold.
The kobold is moderately wounded.
The ball python barely misses you. x2; You block the kobold's attack.
The ball python bites you but does no damage.
The ball python barely misses you.
A frilled lizard comes into view.
The kobold hits you but does no damage.
The frilled lizard hisses angrily.
You hit the kobold.
You kill the kobold!
The ball python bites you but does no damage.
You block the ball python's attack.
The ball python bites you but does no damage.
The ball python grabs you. The ball python constricts you.
Your Long Blades skill increases to level 2!
You closely miss the ball python. You block the ball python's attack.
The ball python constricts you.
You barely miss the ball python. The ball python bites you.
The ball python constricts you.
The ball python bites you but does no damage.
The ball python constricts you.
You barely miss the ball python.
The ball python bites you but does no damage.
The ball python constricts you. The frilled lizard bites you.
The ball python bites you. The ball python constricts you.
You closely miss the ball python. The frilled lizard bites you.
* * * LOW HITPOINT WARNING * * *
The ball python bites you.
* * * LOW HITPOINT WARNING * * *
The ball python constricts you.
You completely miss the ball python. The frilled lizard barely misses you.
The ball python bites you but does no damage.
The ball python constricts you.
* * * LOW HITPOINT WARNING * * *
The frilled lizard bites you but does no damage.
You block the ball python's attack. The ball python constricts you.
You barely miss the ball python. The ball python bites you.
You die...

...# .......#..#
....#.#..# # ..#.#.#..#
#.#.#.#.#..#
#.#.#.#.#..#
#.#...#.#.#..#########
.#....lS$#.#.......>..##
......)@...#............
.............########.##
.>?..######### #.....#
###. #.##### .. #.# ##
#.# #.# #.# ####### #.#


You could see a ball python and a frilled lizard.

Vanquished Creatures
  A kobold (D:1)
  A bat (D:1)
  A frilled lizard (D:1)
3 creatures vanquished.

Notes
Turn   | Place    | Note
-------+----------+-------------------------------------------
     0 | D:1      | LustLizard the Demonspawn Fighter began the quest for the
                  | Orb.
     0 | D:1      | Reached XP level 1. HP: 18/18 MP: 1/1
   177 | D:1      | Slain by a ball python

Illustrated notes

Levels and vault maps discovered:
D:1:      nagdon_arrival_double_spiral, layout_loops_ring, serial_shops,
          nicolae_shop_advertising_works [nicolae_subvault_shop_adworks],
          minmay_misc_feat_more_columns, grunt_decor_fettered

Skill      XL: |  1 |
---------------+----+-----
Long Blades    | 2 |  2.0
Fighting       | |  3.0
Armour         | |  2.6
Shields        | |  2.6

Action                   || total
-------------------------++-------
Melee: Long sword        ||    19
Armor: Scale mail        ||    12
Dodge: Dodged            ||    12
Block: Buckler           ||     7
